 Dungeon Sprint DCSS version 0.26.1-11-gd32895ea62 (webtiles) character file.

Game seed: 2769487969186928675

4702 Zeld the Peltast (level 10, -1/77 HPs)
             Began as a Minotaur Berserker on June 12, 2021.
             Was the Champion of Trog.
             Killed from afar by a lich (42 damage)
             ... with a bolt of cold
             ... in the Dungeon (Sprint V: "Ziggurat Sprint").
             The game lasted 00:02:53 (2235 turns).

Zeld the Peltast (Minotaur Berserker)               Turns: 2235, Time: 00:02:54

Health: -1/77      AC: 20    Str: 36    XL:     10   Next: 21%
Magic:  9/9        EV:  5    Int:  4    God:    Trog [******]
Gold:   0          SH: 28    Dex: 11    Spells: 9/9 levels left

rFire    . . .     SeeInvis +   a - +14 obsidian axe {vorpal, +Fly SInv *Curse} (curse)
rCold    . . .     Faith    .   i - +3 tower shield
rNeg     . . .     Spirit   .   h - +5 crystal plate armour
rPois    .         Reflect  .   (helmet restricted)
rElec    .         Harm     .   (no cloak)
rCorr    .         Rampage  .   (no gloves)
Will     .....     NoTele   +   (no boots)
Stlth    ..........             (no amulet)
HPRegen  0.22/turn              w - +6 ring of strength
MPRegen  0.11/turn              x - +6 ring of strength

@: mesmerised, slowed, very slow
A: retaliatory headbutt, horns 2
a: Renounce Religion, Evoke Flight, Berserk, Trog's Hand, Brothers in Arms


You were in the Dungeon.
You worshipped Trog.
Trog was exalted by your worship.
You visited 1 branch

Inventory:

Hand Weapons
 a - the cursed +14 obsidian axe (weapon) {vorpal, +Fly SInv *Curse}
   (You found it in the Dungeon)

   It inflicts extra damage upon your enemies.
   It lets you see invisible.
   It lets you fly.
   It curses itself when equipped.
   It has a curse placed upon it.
 j - a +5 broad axe
Armour
 h - a +5 crystal plate armour (worn)
 i - a +3 tower shield (worn)
 G - a +1 pair of gloves of dexterity
Jewellery
 w - a +6 ring of strength (left hand)
 x - a +6 ring of strength (right hand)
 A - an uncursed ring of see invisible
Wands
 t - a wand of disintegration (7)
 u - a wand of iceblast (7)
 v - a wand of acid (7)
Scrolls
 g - 4 scrolls of blinking
 k - 8 scrolls of fog
 l - a scroll of holy word
 m - 5 scrolls of identify
 n - 5 scrolls of remove curse
 o - 2 scrolls of fear
 z - 2 scrolls of brand weapon
 D - 4 scrolls of enchant weapon
Potions
 b - 10 potions of curing
 c - 10 potions of heal wounds
 d - 6 potions of haste
 e - 7 potions of magic
 f - 3 potions of berserk rage
 p - 2 potions of invisibility
 q - 4 potions of resistance
 s - 5 potions of might
Miscellaneous
 r - a box of beasts
 B - a phial of floods
 C - a condenser vane
 F - a phantom mirror
 I - a lightning rod (4/4)


   Skills:
 - Level 3.6 Fighting
 * Level 18.8 Axes
 - Level 2.4 Armour
 - Level 2.1 Dodging
 * Level 18.8 Shields
 - Level 3.2 Unarmed Combat


You had 9 spell levels left.
You didn't know any spells.
Your spell library was empty.

Dungeon Overview and Level Annotations

Branches:
Dungeon (1/1)

Altars:
Ashenzari
Cheibriados
Dithmenos
Elyvilon
Fedhas
Gozag
Hepliaklqana
Kikubaaqudgha
Makhleb
Nemelex Xobeh
Okawaru
Qazlal
Ru
Sif Muna
Trog
Uskayaw
Vehumet
Wu Jian
Xom
Yredelemnul
Zin
The Shining One
Beogh
Jiyva
Lugonu

Annotations:
D 1 transporter


Innate Abilities, Weirdness & Mutations

You reflexively headbutt those who attack you in melee.
You have a pair of horns on your head.


Message History

The shadow slips into darkness.
The shadow flickers and vanishes for a moment.
Your ufetubus misses the vampire.
Your ufetubus hits the vampire but does no damage.
Unknown command.
Unknown command.
You slice the vampire!!
You break out of your daze!
You destroy the vampire!
Trog accepts your kill.
Trog appreciates your killing of a magic user.
You slash the shadow! You slash the necromancer!
Visions of slaying the shadow flood into your mind.
The necromancer barely misses you. You furiously retaliate!
You headbutt the necromancer. You block the shadow's attack.
The lich gestures at you while chanting.
The bolt of cold hits the shadow.
The shadow completely resists.
The bolt of cold hits you!!!
Ouch! That really hurt!
You die...

▓....©....▓...©...▓
▓▓▓▓▓▓▓▓▓▓▓▓▓▓▓▓▓▓▓▓▓
▓...8©8...▓...8©8...▓
▓...)}}=..▓..|}):)..▓
▓..==)[:..▓...)}}:..▓
▓.........▓.........▓
▓..V.LW...▓.........▓
▓..ppWWp..▓..†.†....▓
▓..53@5...▓...).....▓
▓...55....▓.▓..†..▓.▓
▓.▓.....▓.▓....©....▓
▓....©....▓▓▓▓▓▓▓▓▓▓▓
▓▓▓▓▓▓▓▓▓▓▓


You could see a lich (invisible), a vampire knight, 3 necromancers, 3 shadows, a
friendly ynoxinul (summoned) and 4 friendly ufetubi.

Vanquished Creatures
  A large abomination (D)
  3 cane toads (D)
  A rime drake (D)
  A slime creature (D)
  2 tarantellas (D)
  A yak (D)
  A vampire (D)
  A basilisk (D)
  A small abomination (D)
  A golden eye (D)
  A naga (D)
  A water moccasin (D)
  4 floating eyes (D)
  2 wolves (D)
  2 eyes of draining (D)
  4 bullfrogs (D)
  A scorpion (D)
  2 crimson imps (D)
  A quasit (D)
  3 jellies (D)
  An orc wizard (D)
  An iron imp (D)
  2 adders (D)
  A river rat (D)
  2 ufetubi (D)
  An ooze (D)
  An orc (D)
  A jackal (D)
  3 ball pythons (D)
  A jackal skeleton (D)
48 creatures vanquished.

Vanquished Creatures (collateral kills)
  A jumping spider (D)
  A yak (D)
  2 golden eyes (D)
  A floating eye (D)
  A scorpion (D)
  A jelly (D)
  An ufetubus (D)
8 creatures vanquished.

Grand Total: 56 creatures vanquished

Notes
Turn   | Place    | Note
-------+----------+-------------------------------------------
     0 | D        | Zeld the Minotaur Berserker began the quest for the Orb.
     0 | D        | Reached XP level 1. HP: 19/19 MP: 0/0
     3 | D        | Found a blossoming altar of Fedhas.
     4 | D        | Found the +6 Majin-Bo {vamp, MP+6 Int+6}
     4 | D        | Found the +9 heavy crossbow "Sniper" {vorpal, Acc+∞ SInv}
     4 | D        | Found the +10 dark maul {vorpal}
     4 | D        | Found the +15 Maxwell's patent armour {-Cast -Tele rElec
                  | Will+ rCorr}
     4 | D        | Found the +18 shield of the Gong {rElec rN+ Will+ EV-5}
     4 | D        | Found the cursed +14 obsidian axe {vorpal, +Fly SInv
                  | *Curse}
     4 | D        | Found the +7 great mace "Firestarter" {inner flame, rF++}
     4 | D        | Found the +6 shillelagh "Devastator" {shatter}
     4 | D        | Found the +11 plutonium sword {*Contam Stlth-}
     4 | D        | Found the +8 lance "Wyrmbane" {slay drac, rPois rF+ rC+
                  | AC+3}
     4 | D        | Found the +9 sword of Zonguldrok {reap}
     4 | D        | Found the cursed +13 scythe of Curses {drain, *Curse}
     4 | D        | Found the +5 sword of Power {vorpal}
     4 | D        | Found the +7 mace of Variability {chain chaos}
     4 | D        | Found the +7 Singing Sword {vorpal, sonic wave}
     4 | D        | Found the +8 storm bow {elec, penet}
     5 | D        | Found a viscous altar of Jiyva.
     5 | D        | Found a hazy altar of Hepliaklqana.
     5 | D        | Found a transporter.
     5 | D        | Found an opulent altar of Gozag.
     5 | D        | Found an ancient bone altar of Kikubaaqudgha.
     5 | D        | Found a corrupted altar of Lugonu.
    16 | D        | Found a burning altar of Makhleb.
    17 | D        | Found a sacrificial altar of Ru.
    17 | D        | Found a shimmering blue altar of Sif Muna.
    17 | D        | Found a stormy altar of Qazlal.
    17 | D        | Found a bloodstained altar of Trog.
    17 | D        | Found an iron altar of Okawaru.
    17 | D        | Found a sparkling altar of Nemelex Xobeh.
   189 | D        | Reached XP level 2. HP: 26/26 MP: 1/1
   210 | D        | Entered arena 2.
   210 | D        | Found a transporter.
   213 | D        | Reached ** piety under Trog
   214 | D        | Reached XP level 3. HP: 29/31 MP: 2/2
   336 | D        | Entered arena 3.
   336 | D        | Found a transporter.
   341 | D        | Reached XP level 4. HP: 37/39 MP: 3/3
   472 | D        | Entered arena 4.
   472 | D        | Noticed a floating eye
   472 | D        | Noticed a floating eye
   472 | D        | Noticed a golden eye
   472 | D        | Found a transporter.
   474 | D        | Killed a golden eye
   474 | D        | Reached *** piety under Trog
   474 | D        | Paralysed by a floating eye for 2 turns
   475 | D        | Reached skill level 10 in Axes
   475 | D        | Reached skill level 10 in Shields
   475 | D        | Reached XP level 5. HP: 45/45 MP: 4/4
   475 | D        | Killed a floating eye
   476 | D        | Killed a floating eye
   477 | D        | Reached XP level 6. HP: 49/51 MP: 5/5
   697 | D        | Entered arena 5.
   697 | D        | Noticed a golden eye
   697 | D        | Noticed a golden eye
   697 | D        | Noticed a floating eye
   697 | D        | Found a transporter.
   701 | D        | Reached **** piety under Trog
   701 | D        | Killed a floating eye
   702 | D        | Reached XP level 7. HP: 57/57 MP: 6/6
   702 | D        | Killed a golden eye
   711 | D        | Killed a golden eye
   784 | D        | Got the ring "Asurulojaru" {Int+3 Slay+4 Stlth+}
   786 | D        | Got the ring "Poifes" {rElec rC- rN+++ EV+4 Dex+3}
   893 | D        | Entered arena 6.
   893 | D        | Noticed a jumping spider
   893 | D        | Noticed a tarantella
   893 | D        | Noticed a tarantella
   893 | D        | Found a transporter.
   896 | D        | Killed a tarantella
   898 | D        | Killed a tarantella
   898 | D        | Reached ***** piety under Trog
   899 | D        | Reached XP level 8. HP: 64/64 MP: 7/7
   902 | D        | Killed a jumping spider
  1321 | D        | Entered arena 7.
  1321 | D        | Noticed a rime drake
  1322 | D        | Found a transporter.
  1324 | D        | Received a gift from Trog
  1325 | D        | Reached skill level 15 in Axes
  1325 | D        | Reached skill level 15 in Shields
  1326 | D        | Killed a rime drake
  1651 | D        | Entered arena 8.
  1651 | D        | Noticed a large abomination
  1652 | D        | Found the ring of the Octopus King {AC+1 EV+1 Str+1 Int+1
                  | Dex+1 Stlth+}
  1652 | D        | Found a transporter.
  1657 | D        | Reached XP level 9. HP: 70/70 MP: 8/8
  1657 | D        | Reached ****** piety under Trog
  1660 | D        | Killed a large abomination
  1660 | D        | Received a gift from Trog
  1715 | D        | Got a ring of the Octopus King {AC+1 EV+1 Str+1 Int+1 Dex+1
                  | Stlth+}
  1722 | D        | Entered arena 9.
  1723 | D        | Found a transporter.
  1861 | D        | Got the amulet "Xoas Weck" {Acrobat Str+3}
  1993 | D        | Entered arena 10.
  1994 | D        | Found the +8 longbow "Zephyr" {speed, Dex+3 SInv}
  1994 | D        | Found a transporter.
  1995 | D        | Paralysed by a floating eye for 4 turns
  1999 | D        | Received a gift from Trog
  2002 | D        | Received a gift from Trog
  2122 | D        | Entered arena 11.
  2122 | D        | Noticed a cane toad
  2122 | D        | Noticed a cane toad
  2122 | D        | Noticed a cane toad
  2123 | D        | Found a transporter.
  2127 | D        | Killed a cane toad
  2130 | D        | Reached XP level 10. HP: 56/77 MP: 9/9
  2131 | D        | Killed a cane toad
  2131 | D        | Received a gift from Trog
  2134 | D        | Killed a cane toad
  2230 | D        | Entered arena 12.
  2230 | D        | Noticed a lich
  2230 | D        | Noticed a necromancer
  2231 | D        | Noticed a vampire knight
  2231 | D        | Noticed a necromancer
  2231 | D        | Noticed a necromancer
  2232 | D        | Identified the +4 hand crossbow of Circular Logic {flame,
                  | +Fly MP+9}
  2232 | D        | Found a transporter.
  2235 | D        | Killed from afar by a lich

Illustrated notes

Levels and vault maps discovered:
D:        sprint_v [room_start, room_1, room_2, room_3, room_4, room_5, room_6,
          room_7, room_8, room_9, room_10, room_11, room_12, room_13, room_14,
          room_15, room_16, room_17, room_18, room_19, room_20, room_21,
          room_22, room_23, room_24, room_25, room_26, room_27]

Skill      XL: |  1  2  3  4  5  6  7  8  9 |
---------------+----------------------------+-----
Axes           | 6 7 10 11 12 14 16 18 | 18.8
Shields        | 6 7 10 11 12 14 16 18 | 18.8
Fighting       | |  3.6
Armour         | |  2.4
Dodging        | |  2.1
Unarmed Combat | |  3.2

Action                   |  1- 3 |  4- 6 |  7- 9 | 10-12 || total
-------------------------+-------+-------+-------+-------++-------
Melee: Broad axe         |     5 |     6 |    29 |     6 ||    46
       Headbutt          |       |       |     6 |     3 ||     9
Invok: Berserk           |       |       |     1 |       ||     1
  Use: Potion            |     1 |       |       |       ||     1
Armor: Crystal plate arm |    10 |     2 |    12 |     1 ||    25
Dodge: Dodged            |     1 |     1 |     1 |     1 ||     4
Block: Tower shield      |    12 |     5 |    49 |     6 ||    72
